 Dungeon Crawl Stone Soup version 0.31-a0-948-gf5be29c462 (webtiles) character file.

Game seed: 4104825633009198477

820 Arzdou the Changeling (level 7, -15/43 HPs)
             Began as an Octopode Shapeshifter on Oct 21, 2023.
             Was an Initiate of Gozag.
             Killed from afar by a steam dragon (21 damage)
             ... with a ball of steam
             ... on level 4 of the Dungeon.
             The game lasted 00:09:04 (3203 turns).

Arzdou the Changeling (Octopode Shapeshifter)       Turns: 3203, Time: 00:09:04

Health: -15/43     AC:  1    Str: 11 (14) XL:     7   Next: 95%
Magic:  7/7        EV: 18    Int: 12 (14) God:    Gozag
Gold:   299        SH:  0    Dex:  8 (11) Spells: 6/6 levels left

rFire   . .          .
                       - Unarmed
rCold   . . .        r - orb {light}
rNeg    . . .        (helmet currently unavailable)
rPois   .            (no amulet)
rElec   .            p - +5 ring of evasion
rCorr   .            (no ring)
SInv    .            (no ring)
Will    .....        (no ring)
Stlth   +            (no ring)
HPRegen 0.27/turn    (no ring)
MPRegen 0.10/turn    (no ring)
                     (no ring)

%: no passive effects
@: beast-form, glowing
A: beast (slay +4), almost no armour, amphibious, 8 rings, camouflage 1,
gelatinous body 1, (nimble swimmer 1), tentacles
a: Begin Untransformation, Renounce Religion, Potion Petition, Call Merchant,
Bribe Branch


You were on level 4 of the Dungeon.
You worshipped Gozag.
Gozag was aware of your devotion.
You were a hulking beast.
You visited 2 branches of the dungeon, and saw 6 of its levels.

You collected 347 gold pieces.
You paid 48 gold pieces to Gozag.

Inventory:

Armour
 r - an orb of light (worn)
Jewellery
 g - a ring of ice
 p - a +5 ring of evasion (left tentacle)
Talismans
 b - a beast talisman (active)
 c - a flux talisman
Wands
 i - a wand of iceblast (10)
Scrolls
 d - a scroll of vulnerability {unknown}
 h - a scroll of amnesia {unknown}
 j - 3 scrolls of fear {unknown}
 k - a scroll of butterflies {unknown}
 m - a scroll of enchant weapon {unknown}
 o - a scroll of enchant armour {unknown}
 q - a scroll of noise {unknown}
 s - a scroll of blinking {unknown}
Potions
 a - a potion of lignification
 f - a potion of enlightenment {unknown}
 l - a potion of degeneration
 n - a potion of magic {unknown}
 u - 3 potions of haste


   Skills:
 + Level 1.0 Fighting
 - Level 2.0 Dodging
 - Level 6.0 Unarmed Combat
 + Level 7.0 Shapeshifting


You had 6 spell levels left.
You didn't know any spells.
Your spell library contained the following spells:

 Spells                   Type           Power      Damage    Failure   Level
 Foxfire                  Conj/Fire      0%         2x1d4     32%         1
 Magic Dart               Conj           0%         1d3       32%         1
 Summon Small Mammal      Summ           0%         N/A       32%         1
 Call Imp                 Summ           0%         N/A       45%         2
 Poisonous Vapours        Pois/Air       0%         N/A       45%         2
 Call Canine Familiar     Summ           0%         N/A       69%         3
 Mephitic Cloud           Conj/Pois/Air  0%         N/A       69%         3
 Summon Guardian Golem    Hex/Summ       0%         N/A       69%         3
 Brom's Barrelling Bould  Conj/Erth      0%         2d3       97%         4
 Fireball                 Conj/Fire      0%         3d3       100%        5
 Freezing Cloud           Conj/Ice/Air   0%         6-21      100%        5
 Iskenderun's Battlesphe  Conj           0%         2d6       100%        5
 Conjure Ball Lightning   Conj/Air       0%         3x3d6     100%        6
 Plasma Beam              Fire/Air       0%         2x1d10    100%        6
 Starburst                Conj/Fire      0%         6d3       100%        6
 Orb of Destruction       Conj           0%         9d5       100%        7


Dungeon Overview and Level Annotations

Branches:
Dungeon (5/15)             Temple (1/1) D:4

Altars:
Ashenzari
Cheibriados
Dithmenos
Elyvilon
Fedhas
Gozag
Hepliaklqana
Kikubaaqudgha
Makhleb
Nemelex Xobeh
Okawaru
Qazlal
Ru
Sif Muna
Trog
Uskayaw
Vehumet
Wu Jian
Xom
Yredelemnul
Zin
The Shining One

Annotations:
Temple 2 transporters


Innate Abilities, Weirdness & Mutations

You are a hulking beast.
Your limbs bulge with bestial killing power. (Slay +4)
You cannot wear most types of armour.
You are amphibious.
You can wear up to eight rings at the same time.
Your skin changes colour to match your surroundings (Stealth+).
Your rubbery body absorbs attacks. (AC +1, EV +1)
((You are camouflaged when in or above water. (Stealth+)))
You have tentacles for arms and can constrict up to eight enemies at once.


Message History

You barely miss the orc. You grab the orc. You squeeze the orc!
You kill the orc!
The orc wizard mumbles some strange words.
The orc wizard flickers and vanishes!
The orc wizard gestures at you while chanting.
The puff of flame hits you!
You are too injured to fight recklessly!
You are too injured to fight recklessly!
You are too injured to fight recklessly!
You tentacle-slap the orc wizard. You grab the orc wizard.
You squeeze the orc wizard!
The orc wizard is almost dead.
You constrict the orc wizard, but do no damage.
The orc wizard casts a spell at you. The puff of flame hits you!
* * * LOW HITPOINT WARNING * * *
The orc wizard hits you with a +0 dagger.
* * * LOW HITPOINT WARNING * * *
The orc closely misses you.
You release your grip on the orc wizard.
The orc wizard barely misses you.
As you read the scroll of teleportation, it crumbles to dust.
You feel strangely unstable. The orc wizard misses you.
The orc wizard barely misses you.
An orc comes into view. It is wielding a +0 flail.
The orc wizard gestures at you while chanting.
The puff of flame hits you.
* * * LOW HITPOINT WARNING * * *
Your surroundings suddenly seem different.
There is a stone staircase leading up here.
You climb upwards.
Reactivating autopickup.
There is a stone staircase leading down here.
You can't go up here!
A steam dragon is nearby!
The steam dragon hisses angrily.
The steam dragon breathes steam at you. The ball of steam hits you!!
You die...
Your body crumbles into a pile of gold.

.............#....#.....'....####
###'##########....####'##........
....§~§..........................
...~~§~~.........................
..§§~~~~~........................
..~~§>~~~........................
..~~~~§§~........D.....D.####....
##.~~§§~.#......§#'#######..#....
#...~~§..#......h#......#...#....
#........#.......#......#...#....
#........#.......#......#...'....
##.###...#.......#......##..#....
##.###...#.<.....#......#####..D.
#...#....#.......#..........#....
+...#....'.......#.)........#....
##.###+###.......#..........+.(..
##.##............#......#####....


You could see a steam dragon (catching breath).

Vanquished Creatures
  Grinder (D:3)
  An ogre (D:4)
  An ice beast (D:5)
  2 howler monkeys
  2 jellies (D:5)
  3 iguanas
  2 orc wizards
  8 adders
  A shadow imp (D:5)
  2 dart slugs
  4 orcs
  10 ball pythons
  12 endoplasms
  5 giant cockroaches
  10 goblins
  8 hobgoblins
  6 jackals
  3 kobolds
  6 quokkas
  2 bats (D:3)
  2 frilled lizards
  3 rats
94 creatures vanquished.

Notes
Turn   | Place    | Note
-------+----------+-------------------------------------------
     0 | D:1      | Arzdou the Octopode Shapeshifter began the quest for the
                  | Orb.
     0 | D:1      | Reached XP level 1. HP: 13/13 MP: 1/1
    59 | D:1      | Reached XP level 2. HP: 12/18 MP: 2/2
   274 | D:1      | Reached XP level 3. HP: 23/23 MP: 3/3
   952 | D:2      | Reached XP level 4. HP: 28/28 MP: 4/4
  1071 | D:3      | Reached skill level 5 in Unarmed Combat
  1349 | D:3      | Noticed Grinder
  1369 | D:3      | HP: 1/28 [Grinder (10)]
  1370 | D:3      | Killed Grinder
  1371 | D:3      | Reached skill level 4 in Shapeshifting
  1371 | D:3      | Reached XP level 5. HP: 2/33 MP: 5/5
  1371 | D:3      | Reached XP level 6. HP: 2/38 MP: 6/6
  1669 | D:3      | Found a snail-covered altar of Cheibriados.
  1671 | D:3      | Found a shadowy altar of Dithmenos.
  1721 | D:3      | Found a sacrificial altar of Ru.
  1724 | D:3      | Found a blossoming altar of Fedhas.
  1984 | D:3      | Found a white marble altar of Elyvilon.
  2314 | D:4      | Noticed a steam dragon
  2383 | D:4      | Found a staircase to the Ecumenical Temple.
  2392 | Temple   | Found a transporter.
  2392 | Temple   | Found a transporter.
  2392 | Temple   | Found a transporter.
  2392 | Temple   | Found a transporter.
  2392 | Temple   | Entered the Ecumenical Temple
  2410 | Temple   | Became a worshipper of Gozag Ym Sagoz the Greedy
  2471 | D:4      | Reached skill level 5 in Shapeshifting
  2687 | D:4      | Reached XP level 7. HP: 43/43 MP: 7/7
  2784 | D:5      | Entered Level 5 of the Dungeon
  3013 | D:5      | Reached skill level 6 in Shapeshifting
  3096 | D:5      | Reached skill level 7 in Shapeshifting
  3203 | D:4      | Killed from afar by a steam dragon

Illustrated notes

Levels and vault maps discovered:
D:1:      dpeg_arrival_arbitrary_c, layout_basic, minmay_misc_feat_ornament
D:2:      layout_rooms
D:3:      layout_basic, elyvilon_altar_3, nicolae_overflow_hidden_temple,
          uniq_grinder
D:4:      layout_gridville, minmay_temple_entry_mist, grunt_ministairs_11
D:5:      layout_cave_pods
Temple:   hellmonk_temple_divided_pantheon

Skill      XL: |  1  2  3  4  5  6  7 |
---------------+----------------------+-----
Unarmed Combat | 4 6 |  6.0
Shapeshifting  | 4 5 7 |  7.0
Fighting       | |  1.0
Dodging        | |  2.0

Action                     |  1- 3 |  4- 6 |  7- 9 || total
---------------------------+-------+-------+-------++-------
  Melee: Unarmed           |    63 |    74 |    31 ||   168
         Constrict         |    15 |    10 |    10 ||    35
         Punch             |     6 |     1 |       ||     7
         Tentacles         |     6 |    13 |     9 ||    28
  Evoke: Wand              |       |    10 |       ||    10
    Use: Potion            |       |       |     3 ||     3
         Scroll            |       |       |     2 ||     2
   Stab: Sleeping          |     3 |     9 |       ||    12
         Distracted        |       |     1 |       ||     1
 Armour: Skin              |    12 |    20 |    12 ||    44
  Dodge: Dodged            |    44 |    31 |    28 ||   103

Table legend: (Time is in decaauts)
 A = Elapsed time spent in this place.
 B = Non-inter-level travel time spent in this place.
 C = Inter-level travel time spent in this place.
 D = Time resting spent in this place.
 E = Time spent auto-exploring this place.
 F = Levels seen in this place.
 G = Mean time per level.
                   A        B        C        D        E       F      G
               +--------+--------+--------+--------+--------+-----+--------+
         Total |   3167 |   2982 |    185 |      0 |   2313 |   6 |  527.8 |
       Dungeon |   3131 |   2977 |    154 |      0 |   2313 |   5 |  626.2 |
        Temple |     36 |      5 |     31 |      0 |      0 |   1 |   36.0 |
               +--------+--------+--------+--------+--------+-----+--------+

Top non-repeatable levels by time:
     D:3: 1086 daAuts
     D:4: 593 daAuts
     D:1: 532 daAuts
     D:2: 526 daAuts
     D:5: 392 daAuts
  Temple: 36 daAuts
